cohdb
Replays
Latest Replays
All Replays
Popular Replays
Top Player Replays
Match Explorer
How It Works
Community
CoH3 Stats
Reddit
Sign in to upload your games and track your stats! →
Sign in with Steam
Match 47461279
Unlisted
Match 47461279
Overview
Messages
Build Orders
End
Royal Engineer Section
Vickers Machine Gun Team
Selects Canadian Shock Battlegroup
Construct Section Command Post
Infantry Section
Infantry Section
Construct Platoon Command Post
CMP 15cwt Truck
6-pounder Anti-tank Gun Team
Selects Incendiary Munitions
Infantry Section
CMP 15cwt Truck
Construct Company Command Post
Selects Pyrotechnics
Selects Demolition Engineering
Unlock M3 Grant Medium Tanks
M3 Grant Medium Tank
Armored Vehicle Training
Selects Attacking Spirit
M3 Grant Medium Tank
MatioS
Raiden
[82AD] Janko
Boneless
快乐闭麦自由人
ValiantHawk
0
0
Comments
sign in to comment!
No comments posted yet!